 Dungeon Crawl Stone Soup version 0.25.0-9-g26727b657a (webtiles) character file.

Game seed: 4817812511178815336

67 iamserjio the Insei (level 4, 0/31 HPs)
             Began as an Octopode Monk on June 21, 2020.
             Succumbed to an adder's poison
             ... on level 2 of the Dungeon.
             The game lasted 00:01:29 (1135 turns).

iamserjio the Insei (Octopode Monk)                 Turns: 1135, Time: 00:01:29

Health: 0/31       AC:  1    Str:  9 (10) XL:     4   Next: 16%
Magic:  4/4        EV: 14    Int:  8 (9)  God:
Gold:   91         SH:  0    Dex: 13 (14) Spells: 3/3 levels left

rFire    . . .     SeeInvis .     - Unarmed
rCold    . . .     Gourm    .   (no shield)
rNeg     . . .     Faith    .   (helmet restricted)
rPois    .         Spirit   .   (no amulet)
rElec    .         Reflect  .   g - -4 ring of intelligence (curse)
rCorr    .         Harm     .   (no ring)
MR       .....                  (no ring)
Stlth    +++.......             (no ring)
HPRegen  0.10/turn              (no ring)
MPRegen  0.09/turn              (no ring)
                                (no ring)
                                (no ring)

@: brilliant, lethally poisoned (0 -> -10), stab
A: almost no armour, stealthy swim, amphibious, 8 rings, constrict 8, camouflage
1, gelatinous body 1
a: no special abilities


You were on level 2 of the Dungeon.
You were not hungry.

You visited 1 branch of the dungeon, and saw 2 of its levels.

You collected 91 gold pieces.

Inventory:

Hand Weapons
 b - a +0 spear
Missiles
 d - 72 arrows
 f - 60 stones (quivered)
 n - a throwing net {!f}
Jewellery
 g - a cursed -4 ring of intelligence (left tentacle)
Scrolls
 k - 3 scrolls of remove curse {unknown}
 m - 3 scrolls of identify {unknown}
Potions
 e - a potion of might
Comestibles
 a - 2 rations
 j - 5 chunks of flesh


   Skills:
 + Level 3.5 Fighting
 + Level 3.5 Dodging
 - Level 2.6 Stealth
 * Level 4.0 Unarmed Combat


You had 3 spell levels left.
You didn't know any spells.
Your spell library was empty.

Dungeon Overview and Level Annotations

Branches:
Dungeon (2/15)

Altars:
Uskayaw
The Shining One

Annotations:
D:2 Jessica


Innate Abilities, Weirdness & Mutations

You cannot wear most types of armour.
You are very stealthy in the water. (Stealth+)
You are amphibious.
You can wear up to eight rings at the same time.
You can use your tentacles to constrict eight enemies at once.
Your skin changes colour to match your surroundings (Stealth+).
Your rubbery body absorbs attacks. (AC +1, EV +1)


Message History

You feel sick.
Jessica opens the door.
It was a potion of degeneration.
There was something very wrong with that liquid.
You feel weakened.
You feel dopey.
You feel clumsy.
* * * LOW HITPOINT WARNING * * *
You feel sick. The bat misses you.
It was a potion of cancellation.
Your magical effects are unravelling.
You feel magically purged.
You feel a little less mighty now.
* * * LOW HITPOINT WARNING * * *
You feel sick. Jessica hits you with a +0 club.
* * * LOW HITPOINT WARNING * * *
It was a potion of brilliance.
You feel clever all of a sudden.
* * * LOW HITPOINT WARNING * * *
You feel sick. Jessica barely misses you.
It was a potion of stabbing.
You feel ready to backstab.
You die...

####+##
########......(
.......>.......
###.####.......######
# #...# ....%.b@@...#
# ###.# .......####.#
# #รท# ####### #.# ##
#.# #.# .####.### #.#
........# #.#
........# #.#
........###########.##
..............#......#


You could see Jessica and a bat.

Vanquished Creatures
  3 adders (D:2)
  A dart slug (D:1)
  3 leopard geckos (D:2)
  3 bats
  A giant cockroach (D:2)
  5 goblins (D:1)
  A hobgoblin (D:1)
  7 jackals
  2 frilled lizards
  4 kobolds (D:1)
  2 rats
32 creatures vanquished.

Notes
Turn   | Place    | Note
-------+----------+-------------------------------------------
     0 | D:1      | iamserjio the Octopode Monk began the quest for the Orb.
     0 | D:1      | Reached XP level 1. HP: 16/16 MP: 1/1
    52 | D:1      | Reached XP level 2. HP: 17/21 MP: 2/2
   327 | D:1      | Found a glowing golden altar of the Shining One.
   848 | D:2      | Reached XP level 3. HP: 26/26 MP: 3/3
  1083 | D:2      | Found a hide-covered altar of Uskayaw.
  1089 | D:2      | Reached skill level 4 in Unarmed Combat
  1089 | D:2      | Reached XP level 4. HP: 31/31 MP: 4/4
  1122 | D:2      | Noticed Jessica
  1133 | D:2      | HP: 1/31 [Jessica/+0 club (5)]
  1135 | D:2      | Succumbed to an adder's poison

Illustrated notes

Levels and vault maps discovered:
D:1:      kennysheep_arrival_forest, layout_basic, tso_metal_star
D:2:      layout_basic, ashenzari_altar_1, old_standard_altar, uniq_jessica

Skill      XL: |  1  2  3 |
---------------+----------+-----
Unarmed Combat | 4 |  4.0
Fighting       | |  3.5
Dodging        | |  3.5
Stealth        | |  2.6

Action                   |  1- 3 |  4- 6 || total
-------------------------+-------+-------++-------
Melee: Unarmed           |    74 |     6 ||    80
       Constrict         |    21 |     1 ||    22
       Tentacles         |    13 |     1 ||    14
       Punch             |     1 |       ||     1
  Use: Potion            |       |     5 ||     5
 Stab: Sleeping          |     7 |       ||     7
  Eat: Chunk             |     1 |       ||     1
Armor: Skin              |     4 |     1 ||     5
Dodge: Dodged            |    44 |     4 ||    48
